 Dungeon Crawl Stone Soup version 0.32-a0-136-gc02482bde3 (webtiles) character file.

Game seed: 16809284035749595438

2202 dialectric the Covered (level 9, 0/55 HPs)
             Began as a Gargoyle Shapeshifter on Feb 10, 2024.
             Engulfed by a steam dragon's steam (7 damage)
             ... on level 8 of the Dungeon.
             The game lasted 00:12:28 (6182 turns).

dialectric the Covered (Gargoyle Shapeshifter)      Turns: 6182, Time: 00:12:29

Health: 0/55       AC: 14    Str: 21    XL:     9   Next: 34%
Magic:  9/9        EV: 11    Int: 15    God:
Gold:   580        SH:  0    Dex: 11    Spells: 8/8 levels left

rFire   . . .        l - +1 dagger (venom)
rCold   . . .        (no shield)
rNeg    + . .        H - +0 scale mail "Hotuorphu" {Fly rElec Int+5}
rPois   ∞            (helmet currently unavailable)
rElec   +            G - melded +0 cloak
rCorr   .            (gloves currently unavailable)
SInv    .            K - melded +0 pair of boots
Will    +....        i - amulet of the acrobat Stlth
                     o - ring of willpower
HPRegen 0.29/turn    (no ring)
MPRegen 0.11/turn

%: acrobat
@: beast-form, flying
A: beast (slay +3), sickness immunity, AC +6, negative energy resistance 1,
electricity resistance, torment resistance 1, petrification resistance
a: Begin Untransformation


You were on level 8 of the Dungeon.
You were a hulking beast.
You visited 1 branch of the dungeon, and saw 8 of its levels.

You collected 580 gold pieces.

Inventory:

Hand Weapons
 l - a +1 dagger of venom (weapon)
 y - a +0 mace
Missiles
 j - 5 poisoned darts (quivered)
 r - 5 curare-tipped darts
 E - 4 throwing nets
Armour
 a - a +0 chain mail
 e - a +0 scale mail
 p - a +0 tower shield
 G - a +0 cloak (melded)
 H - the +0 scale mail "Hotuorphu" (worn) {Fly rElec Int+5}
   (You took it off a kobold on level 4 of the Dungeon)

   Int+5:     It affects your intelligence (+5).
   rElec:     It insulates you from electricity.
   Fly:       It grants you flight.
 K - a +0 pair of boots (melded)
 M - a +0 plate armour
 O - a +0 pair of gloves
 P - a +1 pair of boots
Jewellery
 i - an amulet of the acrobat (around neck)
 o - a ring of willpower (left hand)
 D - a ring of ice
Talismans
 c - a beast talisman (active)
 d - a flux talisman
 k - a dragon-blood talisman
Wands
 z - a wand of quicksilver (4)
 N - a wand of charming (15)
Scrolls
 f - a scroll of silence {unknown}
 h - a scroll of noise {unknown}
 m - a scroll of poison {unknown}
 t - 4 scrolls of brand weapon
 u - a scroll of vulnerability {unknown}
 v - 4 scrolls of fog {unknown}
 x - 2 scrolls of blinking {unknown}
 A - a scroll of enchant weapon {unknown}
 B - a scroll of enchant armour {unknown}
 I - a scroll of acquirement {unknown}
 J - a scroll of revelation {unknown}
 L - a scroll of teleportation {unknown}
 Q - a scroll of identify
Potions
 b - a potion of lignification
 g - 2 potions of brilliance {unknown}
 n - a potion of enlightenment {unknown}
 q - a potion of ambrosia
 s - 2 potions of degeneration {unknown}
 w - a potion of might
 C - a potion of attraction {unknown}
 F - 2 potions of curing


   Skills:
 + Level 5.6 Fighting
 - Level 2.1 Short Blades
 + Level 7.4 Armour
 + Level 4.4 Dodging
 - Level 3.0 Unarmed Combat
 * Level 5.3 Shapeshifting


You had 8 spell levels left.
You didn't know any spells.
Your spell library contained the following spells:

 Spells                   Type           Power      Damage    Failure   Level
 Sting                    Conj/Alch      0%         1d3       54%         1
 Mercury Vapours          Alch/Air       0%         N/A       69%         2
 Dazzling Flash           Conj/Hex       0%         N/A       89%         3
 Inner Flame              Hex/Fire       0%         N/A       89%         3
 Mephitic Cloud           Conj/Alch/Air  0%         N/A       89%         3
 Olgreb's Toxic Radiance  Alch           0%         N/A       100%        4
 Passage of Golubria      Tloc           0%         N/A       100%        4
 Curse of Agony           Necr           0%         N/A       100%        5
 Irradiate                Conj/Alch      0%         3d11      100%        5
 Silence                  Hex/Air        0%         N/A       100%        5
 Ignition                 Fire           0%         3d3       100%        8
 Lehudib's Crystal Spear  Conj/Erth      0%         10d2      100%        8


Dungeon Overview and Level Annotations

Branches:
Dungeon (8/15)             Temple (0/1) D:6
   Lair: D:8-11

Altars:
Gozag
Qazlal
Wu Jian
Yredelemnul
Zin

Shops:
D:2 =   D:6 (*


Innate Abilities, Weirdness & Mutations

You are a hulking beast.
Your limbs bulge with bestial killing power. (Slay +3)
You are immune to sickness and miasma.
Your stone body is resilient. (AC +6)
You are immune to poison.
You resist negative energy. (rN+)
You are resistant to electric shocks. (rElec)
You are resistant to unholy torment.
You are immune to petrification.


Message History

The steam dragon breathes steam at you. The ball of steam hits you!
You hear an angry buzzing noise. x2
You hit the steam dragon.
The steam dragon is poisoned.
You punch the steam dragon.
The steam dragon is moderately wounded.
You are engulfed in a cloud of scalding steam.
You hear an angry buzzing noise.
The steam dragon closely misses you. The steam dragon claws you.
You hit the steam dragon but do no damage.
The steam dragon is moderately wounded.
You are engulfed in a cloud of scalding steam.
The steam dragon bites you but does no damage.
The steam dragon barely misses you.
You barely miss the steam dragon. You punch the steam dragon.
The steam dragon is moderately wounded.
The steam dragon bites you but does no damage.
The steam dragon closely misses you.
You hit the steam dragon.
The steam dragon is heavily wounded.
The steam dragon bites you.
The steam dragon claws you but does no damage.
You hit the steam dragon.
The steam dragon looks as sick as possible!
The steam dragon is heavily wounded.
The steam dragon bites you but does no damage.
The steam dragon claws you.
You hit the steam dragon but do no damage.
The steam dragon looks as sick as possible!
The steam dragon is severely wounded.
The steam dragon breathes steam at you. The ball of steam hits you!!
* * * LOW HITPOINT WARNING * * *
You are too injured to fight recklessly!
You are too injured to fight recklessly!
You hit the steam dragon but do no damage.
The steam dragon looks as sick as possible!
The steam dragon is severely wounded.
You are engulfed in a cloud of scalding steam.
You die...

#### ######
.....##
......#
......#
#########
....#.#
#.......# ###
.##.#.#
###.###.#
...#
....#.#####.#
#.##..#..#
#.###.......#
#.hD...>..
..# #.....###
#########.
### #..|..#
#.....#
#.....#
#...### #####


You could see a steam dragon (extremely poisoned, catching breath).

Vanquished Creatures
  2 wyverns
  A water moccasin (D:7)
  A sky beast (D:7)
  2 black bears
  3 ice beasts
  A phantom (D:6)
  A bullfrog (D:8)
  5 scorpions
  3 howler monkeys
  3 hounds
  2 jellies
  A gnoll bouda (D:8)
  A sleepcap (D:7)
  An iguana (D:4)
  5 orc wizards
  13 gnolls
  8 adders
  A shadow imp (D:5)
  8 ufetubi
  A dart slug (D:4)
  17 orcs
  5 bats
  An endoplasm (D:4)
  4 giant cockroaches
  13 goblins
  14 hobgoblins
  5 kobolds
  3 quokkas
  3 training dummies (D:6)
  6 ball pythons
  2 frilled lizards
  9 rats
145 creatures vanquished.

Notes
Turn   | Place    | Note
-------+----------+-------------------------------------------
     0 | D:1      | dialectric the Gargoyle Shapeshifter began the quest for
                  | the Orb.
     0 | D:1      | Reached XP level 1. HP: 12/12 MP: 1/1
   158 | D:1      | Reached XP level 2. HP: 15/16 MP: 2/2
   325 | D:1      | Found a faded altar of an unknown god.
   585 | D:2      | Reached XP level 3. HP: 14/21 MP: 3/3
  1069 | D:2      | Reached XP level 4. HP: 26/26 MP: 4/4
  1083 | D:2      | Found Umuokeuzo's Jewellery Emporium.
  1327 | D:3      | Reached skill level 1 in Armour
  1548 | D:3      | Reached XP level 5. HP: 31/31 MP: 5/5
  1589 | D:3      | Found an ornate altar of the Wu Jian Council.
  2078 | D:4      | Found a stormy altar of Qazlal.
  2079 | D:4      | Found a glowing silver altar of Zin.
  2089 | D:4      | Reached skill level 2 in Armour
  2225 | D:4      | Noticed a black bear
  2236 | D:4      | Killed a black bear
  2237 | D:4      | Reached skill level 3 in Armour
  2237 | D:4      | Reached XP level 6. HP: 31/37 MP: 6/6
  2505 | D:4      | Identified the +0 scale mail "Hotuorphu" {Fly rElec Int+5}
  2527 | D:4      | Reached skill level 4 in Armour
  2543 | D:4      | Reached XP level 7. HP: 41/41 MP: 7/7
  2703 | D:5      | Entered Level 5 of the Dungeon
  3044 | D:5      | Noticed a wyvern
  3053 | D:5      | Killed a wyvern
  3054 | D:5      | Reached skill level 1 in Short Blades
  3054 | D:5      | Reached skill level 5 in Armour
  3247 | D:5      | Reached XP level 8. HP: 41/48 MP: 8/8
  3367 | D:6      | Found a staircase to the Ecumenical Temple.
  3367 | D:6      | Found Gozag's Platinum Reserve.
  3370 | D:6      | Found an opulent altar of Gozag.
  3482 | D:6      | Reached skill level 6 in Armour
  4113 | D:6      | Found Kounurao's Firing Range.
  4772 | D:7      | Reached skill level 5 in Fighting
  4772 | D:7      | Reached skill level 7 in Armour
  4837 | D:7      | Reached XP level 9. HP: 52/54 MP: 9/9
  5394 | D:8      | Reached skill level 5 in Shapeshifting
  5635 | D:8      | Found a basalt altar of Yredelemnul.
  6182 | D:8      | Engulfed by a steam dragon's steam

Illustrated notes

Levels and vault maps discovered:
D:1:      onia_arrival_pentagram, layout_loops_ring,
          ebering_ecumenical_altar_rust
D:2:      cheibrodos_greedy_goblins, layout_loops_ring, serial_shops,
          nicolae_shop_trees
D:3:      layout_rooms, nzn_wu_jian_contemplation
D:4:      layout_rooms, amcnicky_altar_gilded, lemuel_tele_altar
D:5:      layout_rooms
D:6:      layout_gridville, nicolae_gozag_zags_fifth_avenue,
          minmay_temple_entry_statues_pillars, chequers_jeans,
          nicolae_shop_firing_range
D:7:      layout_gridville
D:8:      layout_basic, mainiacjoe_overflow_six_doors_small, david_lair_shrubbed

Skill      XL: |  1  2  3  4  5  6  7  8  9 |
---------------+----------------------------+-----
Dodging        | 2 3 4 |  4.4
Fighting       | 2 3 4 5 |  5.6
Armour         | 1 3 4 5 7 |  7.4
Shapeshifting  | 3 4 5 |  5.3
Short Blades   | 1 2 |  2.1
Unarmed Combat | |  3.0

Action                     |  1- 3 |  4- 6 |  7- 9 || total
---------------------------+-------+-------+-------++-------
  Melee: Unarmed           |    49 |       |       ||    49
         Dagger            |    53 |   161 |   340 ||   554
         Punch             |     1 |     8 |    30 ||    39
  Throw: Dart              |       |    14 |     6 ||    20
Ability: Begin Untransform |       |       |     1 ||     1
  Evoke: Wand              |       |     2 |     2 ||     4
    Use: Scroll            |       |       |     4 ||     4
         Potion            |       |       |     1 ||     1
 Armour: Animal skin       |    13 |       |       ||    13
         Scale mail        |    50 |   118 |   289 ||   457
         Skin              |       |       |     6 ||     6
  Dodge: Dodged            |    71 |   124 |   279 ||   474
   Form: Beast             |       |       |     1 ||     1

Table legend: (Time is in decaauts)
 A = Elapsed time spent in this place.
 B = Non-inter-level travel time spent in this place.
 C = Inter-level travel time spent in this place.
 D = Time resting spent in this place.
 E = Time spent auto-exploring this place.
 F = Levels seen in this place.
 G = Mean time per level.
                   A        B        C        D        E       F      G
               +--------+--------+--------+--------+--------+-----+--------+
         Total |   6157 |   5906 |    251 |    390 |   4063 |   8 |  769.6 |
       Dungeon |   6157 |   5906 |    251 |    390 |   4063 |   8 |  769.6 |
               +--------+--------+--------+--------+--------+-----+--------+

Top non-repeatable levels by time:
     D:7: 1048 daAuts
     D:6: 922 daAuts
     D:8: 818 daAuts
     D:2: 756 daAuts
     D:4: 742 daAuts
     D:3: 685 daAuts
     D:5: 610 daAuts
     D:1: 573 daAuts
